 Dungeon Crawl Stone Soup version 0.24.0-2-g5b39cebb1c (webtiles) character file.

Game seed: 13897599817873784935, levelgen mode: deterministic

1612 Oravi the Cleaver (level 8, -2/73 HPs)
             Began as a Hill Orc Berserker on Oct 31, 2019.
             Was a Priest of Trog.
             Slain by a gnoll sergeant
             ... wielding a +3 vampiric trident
              (11 damage)
             ... on level 6 of the Dungeon.
             The game lasted 00:19:36 (6378 turns).

Oravi the Cleaver (Hill Orc Berserker)              Turns: 6378, Time: 00:19:36

Health: -2/73      AC: 12    Str: 22    XL:     8   Next: 95%
Magic:  10/10      EV:  4    Int:  7    God:    Trog [***...]
Gold:   357        SH:  0    Dex: 10    Spells: 7/7 levels left

rFire    + . .     SeeInvis .   x - +1 war axe
rCold    + . .     Gourm    .   (no shield)
rNeg     . . .     Faith    .   C - +0 plate armour
rPois    +         Spirit   .   (no helmet)
rElec    +         Reflect  .   (no cloak)
rCorr    +         Harm     .   (no gloves)
MR       +++..                  (no boots)
Stlth    ..........             (no amulet)
HPRegen  1.22/turn              (no ring)
MPRegen  0.12/turn              D - ring of protection from magic

@: resistant, berserk cooldown, very slightly contaminated, held, regenerating,
slowed, invisible, very slow
A: no striking features
a: Berserk, Trog's Hand, Renounce Religion


You were on level 6 of the Dungeon.
You worshipped Trog.
Trog was most pleased with you.
You were not hungry.

You visited 2 branches of the dungeon, and saw 7 of its levels.

You collected 357 gold pieces.

Inventory:

Hand Weapons
 a - a +0 hand axe
 l - a cursed +0 spear
 x - a +1 war axe (weapon)
 z - the cursed +3 hunting sling "Dyam" {velocity, *Corrode rN+ Int+2 Dex+4, unknown}
   (You found it on level 4 of the Dungeon)

   Any stone fired from it inflicts extra damage.
   It affects your intelligence (+2).
   It affects your dexterity (+4).
   It protects you from negative energy.
   It may corrode you when you take damage.
   It has a curse placed upon it.
 E - a +2 dagger of venom
 G - a +0 mace of protection
Missiles
 j - 148 arrows
 k - 23 bolts
 n - 63 stones
 o - 56 sling bullets
 y - 10 boomerangs (quivered)
 B - 8 boomerangs of dispersal
Armour
 b - a +0 animal skin
 m - a +0 ring mail
 C - a +0 plate armour (worn)
Jewellery
 d - a +3 ring of intelligence
 D - a ring of protection from magic (right hand)
Wands
 A - a wand of iceblast (20)
 K - a wand of paralysis (4)
Scrolls
 e - 4 scrolls of magic mapping
 g - 3 scrolls of enchant weapon
 p - 4 scrolls of immolation
 q - 2 scrolls of amnesia {unknown}
 r - a scroll of enchant armour {unknown}
 s - a scroll of remove curse {@r2}
 v - 2 scrolls of fog {unknown}
 F - 2 scrolls of teleportation {unknown}
 L - 2 scrolls of blinking {unknown}
Potions
 f - 2 potions of curing {@q1}
 i - a potion of agility
 t - a potion of brilliance
 H - a potion of invisibility
 I - 3 potions of cancellation
 M - a potion of flight
 N - a potion of haste
Comestibles
 c - 12 rations


   Skills:
 + Level 7.3 Fighting
 + Level 8.1 Axes
 + Level 3.6 Throwing
 + Level 6.3 Armour
 - Level 1.5 Dodging
 + Level 3.5 Evocations


You had 7 spell levels left.
You didn't know any spells.
Your spell library was empty.

Dungeon Overview and Level Annotations

Branches:
Dungeon (6/15)             Temple (1/1) D:4

Altars:
Gozag
Sif Muna
Trog
Uskayaw
Zin

Annotations:
D:6 1 transporter, mitkoXXVII's ghost, novice DrAE


Message History

* * * LOW HITPOINT WARNING * * *
The gnoll shaman hits you but does no damage.
MitkoXXVII's ghost casts a spell at you.
The zap hits you but does no damage. You resist.
You are very lightly contaminated with residual magic.
You feel better.
The gnoll sergeant hits you from afar with a +3 vampiric trident.
* * * LOW HITPOINT WARNING * * *
The gnoll barely misses you.
The gnoll shaman hits you with a +0 whip.
* * * LOW HITPOINT WARNING * * *
MitkoXXVII's ghost barely misses you.
The gnoll sergeant hits you but does no damage.
The gnoll hits you but does no damage.
You struggle against the net.
The gnoll shaman hits you but does no damage.
MitkoXXVII's ghost points at you and mumbles some strange words.
The zap misses you.
The gnoll sergeant hits you from afar with a +3 vampiric trident!
You die...

.##.....≈≈#.g#8###8#.g#≈≈..#
.##.....≈≈##.###.###.##≈≈..#
.#####).≈≈#...........#≈≈..#
.'...<).≈≈###.##'##.###≈≈..#
...####.≈≈..#.#...#.#..≈≈..#
#..## #.≈≈.##.'...'.##.≈≈..#
#...###.≈≈.#g.#...#..#.≈≈..#
#.......≈≈.##.##)##.##.≈≈..#
#...##..≈≈..#.#.@.#g#......#
#...##..≈≈.©#.g†Wggg#©.....#
...###..≈≈..#.#8⌠8#g#......#
.#####..≈≈.##%#####.##.≈≈..#
........≈≈.#gg#=:!#.©#.≈≈..#
######..≈≈.##g#..%#[##.≈≈..#
#..≈≈..#g#$.$#.#..≈≈..#
#..≈≈###.##'##.###≈≈..#
#..≈≈#...........#≈≈..#


You could see 2 gnoll sergeants, a gnoll shaman, mitkoXXVII's ghost and 2
gnolls.

Vanquished Creatures
  A sky beast (D:5)
  A phantom (D:6)
  An ogre (D:4)
  2 bullfrogs (D:6)
  2 scorpions
  2 howler monkeys
  3 wights (D:6)
  A bullfrog zombie (D:6)
  A crimson imp (D:4)
  A quasit (D:5)
  2 jellies
  An orc priest (D:5)
  A bullfrog skeleton (D:6)
  A hound (D:5)
  5 orc wizards
  2 iguanas
  Ijyb (D:5)
  5 worker ants
  A hound skeleton (D:4)
  A worker ant zombie (D:6)
  6 gnolls
  13 adders
  A shadow imp (D:5)
  An adder zombie (D:5)
  4 worms
  3 leopard geckos
  19 orcs
  A ball python (D:1)
  13 giant cockroaches
  6 goblins
  10 hobgoblins
  4 jackals
  6 kobolds
  9 bats
  6 frilled lizards
  2 quokka zombies (D:6)
  9 rats
148 creatures vanquished.

Vanquished Creatures (others)
  2 gnolls (D:6)
  6 plants (D:6)
8 creatures vanquished.

Grand Total: 156 creatures vanquished

Notes
Turn   | Place    | Note
-------+----------+-------------------------------------------
     0 | D:1      | Oravi the Hill Orc Berserker began the quest for the Orb.
     0 | D:1      | Reached XP level 1. HP: 19/19 MP: 1/1
   456 | D:1      | Reached XP level 2. HP: 23/27 MP: 2/2
  1284 | D:2      | Reached XP level 3. HP: 30/33 MP: 3/3
  1492 | D:2      | Reached ** piety under Trog
  1539 | D:2      | Found a hide-covered altar of Uskayaw.
  1901 | D:3      | Reached skill level 5 in Axes
  1901 | D:3      | Reached XP level 4. HP: 31/41 MP: 4/4
  2214 | D:3      | Reached XP level 5. HP: 42/47 MP: 5/5
  2371 | D:3      | Reached skill level 5 in Fighting
  3280 | D:4      | Reached XP level 6. HP: 47/56 MP: 6/6
  3391 | D:4      | Reached skill level 6 in Axes
  3394 | D:4      | Reached *** piety under Trog
  3440 | D:4      | Got a crude hunting sling
  3453 | D:4      | Reached skill level 1 in Throwing
  3715 | D:4      | Reached XP level 7. HP: 34/62 MP: 7/7
  3988 | D:4      | Reached skill level 1 in Evocations
  4051 | D:4      | Found a staircase to the Ecumenical Temple.
  4060 | Temple   | Entered the Ecumenical Temple
  4272 | D:5      | Entered Level 5 of the Dungeon
  4291 | D:5      | Received a gift from Trog
  4313 | D:5      | Reached skill level 5 in Armour
  4689 | D:5      | Reached skill level 7 in Axes
  4766 | D:5      | Reached XP level 8. HP: 49/71 MP: 9/9
  4965 | D:5      | Noticed Ijyb
  4970 | D:5      | Killed Ijyb
  5443 | D:6      | Found a bloodstained altar of Trog.
  5443 | D:6      | Found an opulent altar of Gozag.
  5454 | D:6      | Found a shimmering blue altar of Sif Muna.
  5454 | D:6      | Found a glowing silver altar of Zin.
  5771 | D:6      | Noticed mitkoXXVII's ghost (novice DrAE)
  5841 | D:6      | Found a transporter.
  5841 | D:6      | Found a transporter.
  6249 | D:6      | Reached skill level 8 in Axes
  6376 | D:6      | HP: 3/73 [gnoll/puff of flame (4)]
  6378 | D:6      | Slain by a gnoll sergeant

Levels and vault maps discovered:
D:1:      nzn_arrival_water_spiral, layout_loops_corners,
          minmay_misc_feat_enclosed
D:2:      layout_rooms, eat_drink_and_be_merry_uskayaw, first_ration,
          grunt_ministairs_1, solitary_fountain
D:3:      minmay_roachtagon, layout_loops_ring, minmay_misc_feat_rows
D:4:      layout_loops_ring, minmay_temple_entry_butterflies
D:5:      layout_gridville, uniq_ijyb
D:6:      layout_basic, grunt_temple_overflow_open,
          gammafunk_ghost_gnarly_gnolls, mrwooster_statue_mirror
Temple:   nicolae_temple_elliptical

Skill      XL: |  1  2  3  4  5  6  7  8 |
---------------+-------------------------+-----
Fighting       | 4 5 6 7 |  7.3
Armour         | 3 4 5 6 |  6.3
Axes           | 5 6 7 8 |  8.1
Throwing       | 1 2 3 |  3.6
Evocations     | 2 3 |  3.5
Dodging        | |  1.5

Action                   |  1- 3 |  4- 6 |  7- 9 || total
-------------------------+-------+-------+-------++-------
Melee: Hand axe          |   146 |   217 |    28 ||   391
       War axe           |       |       |   252 ||   252
       Dagger            |       |       |     4 ||     4
Throw: Boomerang         |       |       |     8 ||     8
Invok: Berserk           |     1 |     1 |     5 ||     7
       Trog's Hand       |       |       |     1 ||     1
  Use: Scroll            |     5 |     2 |     7 ||    14
       Potion            |       |       |     7 ||     7
  Eat: Chunk             |     3 |     8 |     9 ||    20
       Ration            |       |       |     2 ||     2
Armor: Animal skin       |     7 |       |       ||     7
       Ring mail         |    38 |    51 |    18 ||   107
       Plate armour      |       |       |   208 ||   208
Dodge: Dodged            |   116 |    96 |   164 ||   376
